 Dungeon Crawl Stone Soup version 0.27.0-1-g7a08968 (webtiles) character file.

Game seed: 4645440968986107704

11523 NeededCrab the Martial Artist (level 11, -9/79 (84) HPs)
             Began as a Merfolk Transmuter on Oct 2, 2021.
             Was a High Priest of Okawaru.
             Killed from afar by Nergalle (31 damage)
             ... with a bolt of negative energy
             ... on level 11 of the Dungeon.
             The game lasted 00:43:12 (14600 turns).

NeededCrab the Martial Artist (Merfolk Transmuter) Turns: 14600, Time: 00:43:12

HP:   -9/79 (84)    AC: 12    Str: 11    XL:     11   Next: 79%
MP:   11/21         EV: 15    Int: 14    God:    Okawaru [*****.]
Gold: 823           SH:  0    Dex: 16    Spells: 9/24 levels left

rFire    x . .     SeeInvis .     - Unarmed
rCold    + + +     Faith    .   (shield currently unavailable)
rNeg     . . .     Spirit   .   (armour currently unavailable)
rPois    +         Reflect  .   (helmet currently unavailable)
rElec    .         Harm     .   (cloak currently unavailable)
rCorr    .         Rampage  .   (gloves currently unavailable)
Will     .....                  (boots currently unavailable)
Stlth    +.........             (no amulet)
HPRegen  0.23/turn              a - ring of wizardry
MPRegen  0.17/turn              y - +4 ring of protection

@: ice-form, weak-willed, drained
A: freezing attack, boosted hp, large, (nimble swimmer 2), (mertail)
a: End Transformation, Renounce Religion, Heroism, Finesse


You were on level 11 of the Dungeon.
You worshipped Okawaru.
Okawaru was extremely pleased with you.
You were a creature of crystalline ice.
You visited 2 branches of the dungeon, and saw 12 of its levels.

You collected 823 gold pieces.

Inventory:

Missiles
 v - 3 throwing nets
 G - 2 silver javelins (quivered)
 O - 3 atropa-tipped darts
 P - 4 boomerangs
Armour
 m - a +0 helmet (melded)
 u - a +0 cloak (melded)
 C - a +2 robe of cold resistance
 J - +0 steam dragon scales (melded)
 K - a +1 pair of gloves of stealth (melded)
Jewellery
 a - a ring of wizardry (left front paw)
 h - a ring of protection from fire
 y - a +4 ring of protection (right front paw)
Wands
 t - a wand of polymorph (6)
 w - a wand of iceblast (14)
 F - a wand of flame (7)
 H - a wand of charming (16)
 I - a wand of mindburst (12)
Scrolls
 d - a scroll of brand weapon {unknown}
 e - a scroll of fear {unknown}
 f - 3 scrolls of teleportation {unknown}
 i - 3 scrolls of vulnerability
 k - 4 scrolls of enchant weapon {unknown}
 n - 3 scrolls of magic mapping {unknown}
 o - 3 scrolls of amnesia {unknown}
 s - 2 scrolls of immolation {unknown}
 D - 4 scrolls of identify {unknown}
 E - a scroll of enchant armour {unknown}
 M - a scroll of silence {unknown}
Potions
 b - a potion of invisibility {unknown}
 c - a potion of resistance {unknown}
 g - a potion of degeneration {unknown}
 j - 4 potions of attraction {unknown}
 l - a potion of brilliance {unknown}
 p - a potion of haste {unknown}
 q - 2 potions of lignification {unknown}
 r - 2 potions of berserk rage {unknown}
 x - 5 potions of curing
 z - 2 potions of cancellation {unknown}
 A - a potion of flight {unknown}
 B - 3 potions of magic {unknown}
 L - a potion of mutation {unknown}
 N - a potion of might {unknown}


   Skills:
 - Level 1.1 Fighting
 + Level 10.3 Dodging
 * Level 11.0 Unarmed Combat
 + Level 7.1 Spellcasting
 - Level 4.0 Hexes
 - Level 2.0 Translocations
 - Level 10.0 Transmutations
 - Level 5.5 Ice Magic
 - Level 4.0 Poison Magic
 + Level 3.4 Invocations


You had 9 spell levels left.
You knew the following spells:

 Your Spells              Type           Power      Damage    Failure   Level
a - Beastly Appendage     Tmut           66%        N/A       1%          1
b - Wereblood             Tmut           33%        N/A       1%          2
c - Spider Form           Tmut/Pois      12%        N/A       1%          3
d - Ice Form              Ice/Tmut       26%        N/A       2%          4
e - Confusing Touch       Hex            16%        N/A       3%          3
B - Blink                 Tloc           N/A        N/A       4%          2

Your spell library contained the following spells:

 Spells                   Type           Power      Damage    Failure   Level
 Corona                   Hex            17%        N/A       1%          1
 Slow                     Hex            16%        N/A       1%          2
 Apportation              Tloc           20%        N/A       2%          1
 Ignite Poison            Fire/Tmut/Pois 18%        N/A       2%          3
 Tukima's Dance           Hex            16%        N/A       3%          3
 Animate Skeleton         Necr           10%        N/A       6%          1
 Summon Small Mammal      Summ           20%        N/A       6%          1
 Gell's Gravitas          Tloc           5%         N/A       8%          3
 Lesser Beckoning         Tloc           5%         N/A       8%          3
 Teleport Other           Tloc           10%        N/A       8%          3
 Yara's Violent Unravell  Hex/Tmut       12%        3d7       9%          5
 Conjure Flame            Conj/Fire      5%         6-21      16%         3
 Vampiric Draining        Necr           2%         2d6       16%         3
 Passage of Golubria      Tloc           N/A        N/A       24%         4
 Sticky Flame             Conj/Fire      5%         2d3       45%         4
 Manifold Assault         Tloc           10%        N/A       52%         5
 Silence                  Hex/Air        5%         N/A       52%         5
 Lehudib's Crystal Spear  Conj/Erth      2%         10d2      100%        8


Dungeon Overview and Level Annotations

Branches:
Dungeon (11/15)            Temple (1/1) D:4            Lair (0/6) D:9
    Orc: D:9-12

Altars:
Ashenzari
Cheibriados
Dithmenos
Elyvilon
Fedhas
Gozag
Hepliaklqana
Kikubaaqudgha
Makhleb
Nemelex Xobeh
Okawaru
Qazlal
Ru
Sif Muna
Trog
Uskayaw
Vehumet
Wu Jian
Xom
Yredelemnul
Zin
The Shining One
Beogh

Shops:
D:5 (

Annotations:
D:3 2 transporters, Vixxxy's ghost, amateur DrAE
D:11 Nergalle


Innate Abilities, Weirdness & Mutations

You are a creature of crystalline ice.
You have a powerful freezing melee attack.
Your maximum health is increased.
Your armour is entirely melded.
You are incapable of wielding weapons or throwing items.
((You are quick and stealthy near water. (Stealth+, EV+, Speed+++)))
((Your lower body shifts to a powerful aquatic tail in water.))


Message History

The four-headed hydra seems to slow down.
You freeze the four-headed hydra.
The four-headed hydra is moderately wounded.
The four-headed hydra bites you but does no damage. x2
The four-headed hydra bites you.
The four-headed hydra barely misses you.
You punch the four-headed hydra!
The four-headed hydra seems to slow down.
You freeze the four-headed hydra.
The four-headed hydra is heavily wounded.
You completely miss the four-headed hydra.
The four-headed hydra is heavily wounded.
The four-headed hydra misses you. x2
The four-headed hydra closely misses you.
The four-headed hydra bites you.
You hit the four-headed hydra.
The four-headed hydra seems to slow down.
You freeze the four-headed hydra.
The four-headed hydra is severely wounded.
Nergalle mutters something.
The four-headed hydra bites you. The four-headed hydra misses you.
The four-headed hydra bites you but does no damage.
The four-headed hydra bites you.
* * * LOW HITPOINT WARNING * * *
You pummel the four-headed hydra!!
The four-headed hydra seems to slow down.
You freeze the four-headed hydra!
You kill the four-headed hydra!
Okawaru accepts your kill.
Your life force feels restored.
Your Unarmed Combat skill increases to level 11!
Casting: Ice Form (dangerous; 2% risk of failure)
Confirm with . or Enter, or press ? or * to list all spells.
You blink.
Okay, then.
As you read the scroll labelled ZUISTO GAU, it crumbles to dust.
Magic quickly surges around you.
It was a scroll of vulnerability.
Nergalle points at you and mumbles some strange words.
The bolt of negative energy hits you!!
You feel drained.
You die...

##....# #......Z..#
##....########.........####+#
##....##.....#######.........
...................#.........
...................#.........
...................#Z........
##....##..........§oZ........
##....##.....##....#Z........
......##.....##.YH.#.........
##.....#.....#####+##.......#
.#.....#...... #.......#
.'.....# +.......# .#.....+
#.......# .####### #.......#
.......# ......... .........


You could see Nergalle (weak-willed), a manticore (weak-willed), a spectral orc
(summoned) and a spectral orc warrior (summoned, fast).

Vanquished Creatures
  Erolcha (D:9)
  A hydra (D:11)
  Erica (D:9)
  A two-headed ogre (D:8)
  Pikel (D:5)
  An ugly thing (D:11)
  Maggie (D:9)
  2 kobold demonologists (D:10)
  2 trolls
  Prince Ribbit (D:8)
  Sigmund (D:3)
  A shadow (D:10)
  Eustachio (D:5)
  A wyvern (D:8)
  2 wraiths
  A basilisk (D:11)
  6 yaks (D:10)
  Menkaure (D:4)
  2 vampire mosquitoes (D:11)
  A water moccasin (D:6)
  Duvessa (D:5)
  5 orc warriors
  2 black bears
  3 sky beasts (D:8)
  A hornet zombie (D:6)
  3 ice beasts
  3 ogres
  3 centaurs
  A phantom (D:7)
  3 kobold brigands
  A bullfrog (D:6)
  Dowan (D:5)
  A wyvern zombie (D:6)
  4 scorpions
  A water moccasin skeleton (D:5)
  6 killer bees (D:8)
  5 howler monkeys
  2 centaur zombies
  4 hounds
  2 jellies
  3 orc priests
  A gnoll shaman (D:5)
  Crazy Yiuf (D:4)
  A bullfrog skeleton (D:7)
  A centaur skeleton (D:7)
  Terence (D:3)
  12 orc wizards
  A killer bee zombie (D:9)
  A hound zombie (D:5)
  18 gnolls
  3 adders
  A shadow imp (D:7)
  A white imp (D:5)
  An ufetubus (D:4)
  7 dart slugs
  57 orcs
  6 bats
  5 endoplasms
  6 giant cockroaches
  5 goblins
  9 hobgoblins
  15 jackals
  A quokka (D:4)
  12 ball pythons
  2 frilled lizards
  16 kobolds
  3 rats
271 creatures vanquished.

Vanquished Creatures (others)
  2 plants
2 creatures vanquished.

Grand Total: 273 creatures vanquished

Notes
Turn   | Place    | Note
-------+----------+-------------------------------------------
     0 | D:1      | NeededCrab the Merfolk Transmuter began the quest for the
                  | Orb.
     0 | D:1      | Reached XP level 1. HP: 15/15 MP: 3/3
    95 | D:1      | Reached XP level 2. HP: 21/21 MP: 3/5
   386 | D:1      | Learned a level 2 spell: Wereblood
   548 | D:1      | Found a faded altar of an unknown god.
   551 | D:1      | Became a worshipper of Warmaster Okawaru
   551 | D:1      | Reached * piety under Okawaru
   594 | D:1      | Reached XP level 3. HP: 26/26 MP: 6/6
   598 | D:1      | Learned a level 3 spell: Spider Form
  1501 | D:2      | Reached skill level 1 in Poison Magic
  1908 | D:3      | Reached XP level 4. HP: 23/32 MP: 5/7
  2020 | D:3      | Found a transporter.
  2041 | D:3      | Found a transporter.
  2054 | D:3      | Noticed Vixxxy's ghost (amateur DrAE)
  2222 | D:3      | Noticed an ogre
  2338 | D:3      | Noticed Sigmund
  2349 | D:3      | Killed Sigmund
  2350 | D:3      | Reached skill level 4 in Unarmed Combat
  2350 | D:3      | Reached XP level 5. HP: 27/37 MP: 4/9
  2471 | D:3      | Reached XP level 6. HP: 43/43 MP: 8/10
  2654 | D:3      | Found a glowing golden altar of the Shining One.
  2676 | D:3      | Noticed Terence
  2684 | D:3      | Killed Terence
  2886 | D:3      | Found a transporter.
  2900 | D:3      | Reached skill level 5 in Transmutations
  3035 | D:4      | Found a staircase to the Ecumenical Temple.
  3065 | Temple   | Entered the Ecumenical Temple
  3753 | D:4      | Reached XP level 7. HP: 48/48 MP: 7/11
  3818 | D:4      | Found a shadowy altar of Dithmenos.
  4094 | D:4      | Learned a level 4 spell: Ice Form
  4167 | D:4      | Noticed Menkaure
  4176 | D:4      | Killed Menkaure
  4176 | D:4      | Reached ** piety under Okawaru
  4177 | D:4      | Reached skill level 1 in Ice Magic
  4389 | D:4      | Found a runed translucent door.
  4390 | D:4      | Noticed Crazy Yiuf
  4398 | D:4      | Killed Crazy Yiuf
  4914 | Temple   | Reached skill level 5 in Unarmed Combat
  4916 | Temple   | Reached skill level 5 in Dodging
  5187 | D:4      | Reached XP level 8. HP: 28/54 MP: 8/13
  5963 | D:5      | Entered Level 5 of the Dungeon
  5981 | D:5      | Noticed Eustachio
  6014 | D:5      | Noticed Pikel
  6017 | D:5      | Killed Eustachio
  6060 | D:5      | Killed Pikel
  6061 | D:5      | Reached XP level 9. HP: 13/59 MP: 5/15
  6343 | D:5      | Reached *** piety under Okawaru
  6346 | D:5      | Reached skill level 6 in Unarmed Combat
  6346 | D:5      | Reached skill level 5 in Ice Magic
  6489 | D:5      | Noticed Duvessa
  6490 | D:5      | Noticed Dowan
  6504 | D:5      | Killed Duvessa
  6509 | D:5      | Killed Dowan
  6929 | D:5      | Found Qion's Hydra Hut.
  6930 | D:5      | Noticed a four-headed hydra
  7117 | D:5      | Identified the +5 falchion of Uncertain Death {flame, rN+
                  | Will+ Int+2 Dex-2}
  7132 | D:6      | Found a basalt altar of Yredelemnul.
  7533 | D:6      | Found a sacrificial altar of Ru.
  7975 | D:6      | Found a shimmering blue altar of Sif Muna.
  8074 | D:6      | Reached skill level 7 in Unarmed Combat
  8074 | D:6      | Reached skill level 5 in Spellcasting
  8591 | D:7      | Reached **** piety under Okawaru
  8592 | D:7      | Reached XP level 10. HP: 41/65 MP: 11/17
  8762 | D:7      | Reached skill level 10 in Transmutations
  9172 | D:7      | Received a gift from Okawaru
  9389 | D:7      | Learned a level 3 spell: Confusing Touch
  9664 | D:8      | Noticed Prince Ribbit
  9675 | D:8      | Killed Prince Ribbit
  9676 | D:8      | Reached skill level 8 in Unarmed Combat
  9772 | D:8      | Reached skill level 1 in Hexes
 10034 | D:8      | Noticed a two-headed ogre
 10042 | D:8      | Killed a two-headed ogre
 10305 | D:8      | Reached skill level 9 in Unarmed Combat
 10537 | D:8      | Identified the +2 robe "Tavais" {Int+2}
 11106 | D:9      | Learned a level 2 spell: Blink
 11408 | D:9      | Noticed Erica
 11420 | D:9      | Noticed Erolcha
 11424 | D:9      | Killed Erolcha
 11424 | D:9      | Reached ***** piety under Okawaru
 11425 | D:9      | Reached skill level 1 in Translocations
 11425 | D:9      | Reached XP level 11. HP: 54/70 MP: 14/20
 11434 | D:9      | Killed Erica
 11689 | D:9      | Found a snail-covered altar of Cheibriados.
 11703 | D:9      | Noticed Maggie
 11715 | D:9      | Killed Maggie
 12170 | D:9      | Found a staircase to the Lair.
 12579 | D:10     | Entered Level 10 of the Dungeon
 12592 | D:10     | Reached skill level 10 in Unarmed Combat
 12592 | D:10     | Reached skill level 1 in Invocations
 12624 | D:10     | Received a gift from Okawaru
 13898 | D:11     | Reached skill level 10 in Dodging
 14495 | D:11     | Noticed a purple ugly thing
 14512 | D:11     | Killed a purple ugly thing
 14575 | D:11     | Noticed a four-headed hydra
 14578 | D:11     | Noticed Nergalle
 14579 | D:11     | Noticed a manticore
 14598 | D:11     | Killed a four-headed hydra
 14599 | D:11     | Reached skill level 11 in Unarmed Combat
 14600 | D:11     | Killed from afar by Nergalle

Illustrated notes

Levels and vault maps discovered:
D:1:      wander_arrival_estate, layout_basic,
          hellmonk_ecumenical_altar_defaced_shrine, serial_co_window_serial,
          co_window_of_opportunity_a, co_window_paths_a, co_window_paths_a,
          co_window_paths_b, co_window_paths_a, co_window_of_opportunity_a,
          co_window_corner_a, co_window_corner_a, co_window_paths_b,
          co_window_corner_b, co_window_corner_ca, glass_columns_c,
          glass_columns_c, glass_columns_a, glass_columns_b, glass_columns_a,
          minmay_close_crescents
D:2:      layout_loops_ring, st_stairs_6
D:3:      layout_loops_ring, general_overflow_altar, gammafunk_ghost_stat_death,
          uniq_terence, uniq_sigmund
D:4:      lemuel_castle_with_subvaults [lemuel_castle_interior_original],
          layout_cave_pools, nicolae_dithmenos_shadow_blocks,
          minmay_temple_entry_large_hall, uniq_crazy_yiuf_cottage, uniq_menkaure
D:5:      layout_rooms, doesnt_shop_hydraphobe, uniq_pikel, uniq_duvessa,
          uniq_eustachio
D:6:      layout_loops_ring, lemuel_crystal_altar,
          nicolae_ru_sacrificial_ziggurat, mainiacjoe_overflow_surrounded_room,
          serial_co_window_serial, co_window_of_opportunity_a,
          co_window_paths_a, co_window_paths_a, co_window_paths_b,
          co_window_paths_a, co_window_corner_a, co_window_broadway_c,
          co_window_broadway_a, co_window_cross_4, co_window_unsneaky_path_e,
          co_window_corner_ca, co_window_unsneaky_path_c, glass_columns_a,
          glass_columns_c
D:7:      layout_loops_cross
D:8:      layout_loops_corners, uniq_prince_ribbit1
D:9:      layout_stronghold, mainiacjoe_overflow_small_starburst,
          lair_entry_dummy, uniq_maggie, uniq_erolcha, uniq_erica
D:10:     layout_loops_cross, serial_park_tiny_2, grunt_decor_clamped,
          minmay_misc_feat_pillars, bh_walls_and_bars
D:11:     layout_gridville, kennysheep_nub, uniq_nergalle
Temple:   eino_temple_scatter_basement

Skill      XL: |  1  2  3  4  5  6  7  8  9 10 11 |
---------------+----------------------------------+-----
Transmutations | 3 4 5 6 8 9 10 | 10.0
Dodging        | 3 4 5 6 7 9 10 | 10.3
Poison Magic   | 1 2 3 4 |  4.0
Unarmed Combat | 4 5 7 9 11 | 11.0
Spellcasting   | 3 4 5 6 7 |  7.1
Ice Magic      | 2 4 5 |  5.5
Hexes          | 3 4 |  4.0
Translocations | 1 2 |  2.0
Invocations    | 3 |  3.4
Fighting       | |  1.1

Action                   |  1- 3 |  4- 6 |  7- 9 | 10-12 || total
-------------------------+-------+-------+-------+-------++-------
Melee: Unarmed           |    89 |   102 |   378 |   381 ||   950
       Headbutt          |     9 |    19 |    12 |       ||    40
       Punch             |     1 |       |     1 |     2 ||     4
 Cast: Beastly Appendage |    26 |    15 |    12 |       ||    53
       Wereblood         |     1 |     3 |    23 |    12 ||    39
       Spider Form       |       |     4 |    23 |     8 ||    35
       Ice Form          |       |       |     8 |    23 ||    31
       Confusing Touch   |       |       |       |     4 ||     4
       Blink             |       |       |       |     1 ||     1
Invok: Heroism           |     1 |     2 |     4 |       ||     7
  Use: Potion            |       |       |     2 |       ||     2
       Scroll            |       |       |       |     1 ||     1
 Stab: Sleeping          |       |     2 |       |     1 ||     3
       Confused          |       |       |       |     2 ||     2
Armor: Robe              |    23 |     7 |    19 |     5 ||    54
       Skin              |       |     1 |    29 |   107 ||   137
       Steam dragon scal |       |       |       |     4 ||     4
Dodge: Dodged            |    48 |    78 |   403 |   247 ||   776
